 Seeded DCSS version 0.28.0-53-g5a82cb258f (webtiles) character file.

Game seed: 1293847 (custom seed)

1 xaos the Scratcher (level 1, -1/9 HPs)
             Began as a Felid Transmuter on June 1, 2022.
             Slain by an endoplasm (2 damage)
             ... on level 1 of the Dungeon.
             The game lasted 00:01:22 (63 turns).

xaos the Scratcher (Felid Transmuter)                 Turns: 63, Time: 00:01:23

Health: -1/9       AC:  1    Str:  6    XL:     1   Next: 16%
Magic:  4/4        EV: 17    Int: 14    God:
Gold:   26         SH:  0    Dex: 16    Spells: 3/4 levels left
                                        Lives:  0   Deaths: 0

rFire   . . .      SeeInvis +     - Unarmed
rCold   . . .      Faith    .   (shield unavailable)
rNeg    . . .      Spirit   .   (armour unavailable)
rPois   .          Reflect  .   (helmet unavailable)
rElec   .          Harm     .   (cloak unavailable)
rCorr   .          Rampage  .   (gloves unavailable)
Will    .....                   (boots unavailable)
Stlth   +.........              (no amulet)
HPRegen 0.03/turn               (no ring)
MPRegen 0.09/turn               (no ring)

@: quick
A: very small, claws 1, fangs 3, see invisible, speed 1, shaggy fur 1, stealthy
paws, no weapons or thrown items, no armour, multi-lived
a: no special abilities


You were on level 1 of the Dungeon.
You visited 1 branch of the dungeon, and saw 1 of its levels.

You collected 26 gold pieces.

You aren't carrying anything.


   Skills:
 + Level 1.0 Fighting
 + Level 2.7 Dodging
 + Level 3.0 Unarmed Combat
 + Level 2.0 Spellcasting
 + Level 2.2 Transmutations


You had 3 spell levels left.
You knew the following spells:

 Your Spells              Type           Power      Damage    Failure   Level
a - Beastly Appendage     Tmut           14%        N/A       10%         1

Your spell library contained the following spells:

 Spells                   Type           Power      Damage    Failure   Level
 Wereblood                Tmut           7%         N/A       14%         2
 Apportation              Tloc           2%         N/A       24%         1
 Spider Form              Tmut/Pois      4%         N/A       41%         3
 Ice Form                 Ice/Tmut       4%         N/A       83%         4
 Alistair's Intoxication  Tmut/Pois      2%         N/A       99%         5


Dungeon Overview and Level Annotations

Branches:
Dungeon (1/15)

Altars:


Innate Abilities, Weirdness & Mutations

You have sharp claws.
You have razor-sharp teeth.
You have supernaturally acute eyesight. (SInv)
You cover ground quickly. (Speed+)
You are covered in fur. (AC +1)
Your paws help you pounce on unaware monsters.
You are incapable of wielding weapons or throwing items.
You cannot wear armour.
You gain extra lives every three experience levels.


Message History

A gnoll comes into view. It is wielding a +0 club.
You scratch the jackal but do no damage.
The jackal barely misses you. The jackal misses you.
You barely miss the jackal.
The jackal barks!
The jackal completely misses you.
You scratch the hobgoblin.
The hobgoblin is moderately wounded.
The hobgoblin closely misses you. The jackal misses you.
The jackal closely misses you.
You scratch the jackal.
The jackal is heavily wounded.
The hobgoblin closely misses you. The jackal misses you.
The jackal bites you but does no damage.
You scratch the jackal.
The jackal is heavily wounded.
The jackal misses you.
The jackal bites you but does no damage.
The hobgoblin closely misses you. The jackal completely misses you.
You scratch the jackal. You bite the jackal, but do no damage.
The jackal is moderately wounded.
The hobgoblin closely misses you.
The jackal bites you but does no damage.
The jackal misses you.
You scratch the endoplasm.
The endoplasm is severely wounded.
The jackal barely misses you. The jackal bites you.
The jackal completely misses you. The endoplasm closely misses you.
You closely miss the jackal.
The jackal is heavily wounded.
The jackal bites you. The jackal completely misses you. x2
The jackal bites you. The jackal closely misses you. x2
The endoplasm misses you.
You scratch the jackal. Your bite misses the jackal.
The jackal is almost dead.
The jackal barely misses you. The jackal completely misses you.
The jackal bites you.
* * * LOW HITPOINT WARNING * * *
The jackal misses you. The endoplasm hits you.
You die...

...#........$#
#.#.........# ##########
#...$.......# #........#
##.........(# #........#
#.......w..#
#........#####.g#####....|
#.(...........gw# ....
#............hhJ## g..
#........)...h@..# ..
#............h...# .
#.................#
#...............#.#
##..............#.#
#.#########....... #.#
#.......# #.# #.......
#.####


You could see a gnoll, a dart slug, an endoplasm, 4 jackals and a hobgoblin.

Vanquished Creatures
  A ball python (D:1)
  A kobold (D:1)
2 creatures vanquished.

Notes
Turn   | Place    | Note
-------+----------+-------------------------------------------
     0 | D:1      | xaos the Felid Transmuter began the quest for the Orb.
     0 | D:1      | Reached XP level 1. HP: 9/9 MP: 4/4
    63 | D:1      | Slain by an endoplasm

Illustrated notes

Levels and vault maps discovered:
D:1:      amcnicky_arrival_blooded_trapdoor, layout_basic,
          dreamdust_ecumenical_altar_hidden_monk_grotto

Action                   || total
-------------------------++-------
Melee: Unarmed           ||    12
       Bite              ||     1
  Use: Potion            ||     1
Armor: Skin              ||     3
Dodge: Dodged            ||    26
